 Dungeon Crawl Stone Soup version 0.26-a0-497-g0187308201 (webtiles) character file.

Game seed: 15843079119589647098

361 ANON1729 the Sneak (level 6, 0/58 HPs)
             Began as a Naga Monk on Aug 6, 2020.
             Slain by an orc priest
             ... wielding a +2 vorpal hand axe
              (1 damage)
             ... on level 3 of the Dungeon.
             The game lasted 00:03:32 (2984 turns).

ANON1729 the Sneak (Naga Monk)                      Turns: 2984, Time: 00:03:32

Health: 0/58       AC:  3    Str: 19    XL:     6   Next: 66%
Magic:  6/6        EV: 12    Int: 10    God:
Gold:   206        SH:  0    Dex: 16    Spells: 5/5 levels left

rFire    . . .     SeeInvis +   a - +0 falchion
rCold    . . .     Faith    .   (no shield)
rNeg     . . .     Spirit   .   b - +0 robe
rPois    +         Reflect  .   (no helmet)
rElec    .         Harm     .   (no cloak)
rCorr    .                      (no gloves)
MR       .....                  (no barding)
Stlth    +++.......             (no amulet)
HPRegen  0.19/turn              m - +6 ring of strength
MPRegen  0.10/turn              (no ring)

@: short of breath, very slow
A: large, see invisible, deformed body, poison resistance, slowness 2, spit
poison 1, AC +2
a: Spit Poison


You were on level 3 of the Dungeon.
You visited 1 branch of the dungeon, and saw 3 of its levels.

You collected 206 gold pieces.

Inventory:

Hand Weapons
 a - a +0 falchion (weapon)
Missiles
 i - 7 curare-tipped darts (quivered)
 p - 2 javelins
Armour
 b - a +0 robe (worn)
 n - a +2 pair of gloves
Jewellery
 m - a +6 ring of strength (left hand)
Wands
 o - a wand of random effects (12)
Scrolls
 c - 3 scrolls of remove curse {unknown}
 d - 3 scrolls of identify {unknown}
 e - 2 scrolls of enchant weapon {unknown}
 h - a scroll of random uselessness {unknown}
 j - a scroll of magic mapping {unknown}
 k - 3 scrolls of immolation {unknown}
 l - a scroll of blinking {unknown}
Potions
 f - 2 potions of curing {unknown}
 g - 2 potions of heal wounds


   Skills:
 + Level 4.4 Fighting
 + Level 4.4 Long Blades
 + Level 3.5 Dodging
 + Level 5.9 Stealth


You had 5 spell levels left.
You didn't know any spells.
Your spell library was empty.

Dungeon Overview and Level Annotations

Branches:
Dungeon (3/15)

Altars:


Innate Abilities, Weirdness & Mutations

You cannot wear boots.
Your serpentine skin is tough. (AC +2)
You have supernaturally acute eyesight. (SInv)
Armour fits poorly on your strangely shaped body.
Your system is resistant to poisons. (rPois)
You cover ground very slowly.
You can spit poison.


Message History

You can't do that yet.
Unknown command.
You hit the orc priest.
The orc priest is lightly wounded.
The orc priest hits you with a +2 vorpal hand axe.
* * * LOW HITPOINT WARNING * * *
x2 You hit the orc priest but do no damage.
The orc priest is lightly wounded.
You have got your breath back.
Press: ? - help, Shift-Dir - straight line, f - orc priest
Aim: an orc priest, wielding a +2 vorpal hand axe and wearing a +0 leather armour (lightly wounded, slow)
The splash of poison hits the orc priest!
The orc priest is severely wounded.
The orc priest closely misses you.
You riposte.
You hit the orc priest.
The orc priest is severely wounded.
You completely miss the orc priest.
The orc priest is severely wounded.
The orc priest hits you with a +2 vorpal hand axe!
* * * LOW HITPOINT WARNING * * *
You die...

.......########.).....#..#.#
.......# #............#
.......# ######.####### ###
.......# #....†..# #..
..######
################..####.. ..#
#..........# #.>...'.. ..#
#..........# ########.. ..#
#.....o)...# #......... ###
#.....)@.?.# ##+#####...
#..........# #.....##...
#.......)$.# #.....##...
#..........# #.....'....
#..........###.....#####
#..........'....##.# ..
#..........#######.###.#
#########+## #.....# #.....#


You could see an orc priest (slow).

Vanquished Creatures
  Purgy (D:3)
  An orc wizard (D:3)
  Jessica (D:3)
  Natasha (thrice) (D:3)
  2 worker ants (D:3)
  An adder (D:2)
  2 dart slugs (D:2)
  6 worms
  2 leopard geckos
  3 orcs (D:3)
  2 giant cockroaches
  7 goblins
  8 hobgoblins
  4 jackals (D:3)
  A quokka (D:3)
  A ball python (D:1)
  8 bats
  4 frilled lizards
  9 kobolds
  8 rats
  A fungus (D:3)
75 creatures vanquished.

Vanquished Creatures (others)
  4 toadstools (D:3)
4 creatures vanquished.

Grand Total: 79 creatures vanquished

Notes
Turn   | Place    | Note
-------+----------+-------------------------------------------
     0 | D:1      | ANON1729 the Naga Monk began the quest for the Orb.
     0 | D:1      | Reached XP level 1. HP: 21/21 MP: 1/1
   402 | D:1      | Reached XP level 2. HP: 28/28 MP: 2/2
   812 | D:1      | Reached XP level 3. HP: 23/34 MP: 3/3
  1144 | D:2      | Reached skill level 4 in Stealth
  1473 | D:2      | Reached XP level 4. HP: 33/42 MP: 4/4
  1748 | D:3      | Noticed Jessica
  1765 | D:3      | Killed Jessica
  1797 | D:3      | Reached XP level 5. HP: 15/50 MP: 5/5
  2121 | D:3      | Noticed Natasha
  2131 | D:3      | Killed Natasha
  2136 | D:3      | Noticed Natasha
  2142 | D:3      | Killed Natasha
  2142 | D:3      | Reached skill level 5 in Stealth
  2392 | D:3      | Noticed Natasha
  2401 | D:3      | Killed Natasha
  2452 | D:3      | Reached XP level 6. HP: 44/57 MP: 6/6
  2584 | D:3      | Noticed Purgy
  2592 | D:3      | Killed Purgy
  2984 | D:3      | HP: 1/58 [orc priest/+2 vorpal hand axe (8)]
  2984 | D:3      | Slain by an orc priest

Illustrated notes

Levels and vault maps discovered:
D:1:      evilmike_arrival_crescent, layout_basic
D:2:      layout_loops_ring
D:3:      layout_basic, hangedman_decor_opposing, minmay_gold_behind_fungi,
          uniq_jessica, uniq_natasha, uniq_purgy

Skill      XL: |  1  2  3  4  5 |
---------------+----------------+-----
Stealth        | 4 5 |  5.9
Dodging        | 3 |  3.5
Fighting       | 4 |  4.4
Long Blades    | 4 |  4.4

Action                   |  1- 3 |  4- 6 || total
-------------------------+-------+-------++-------
Melee: Falchion          |   106 |   134 ||   240
 Abil: Spit Poison       |       |     7 ||     7
Evoke: Wand              |       |     2 ||     2
  Use: Potion            |       |     1 ||     1
 Stab: Sleeping          |    11 |     7 ||    18
Armor: Robe              |     9 |    17 ||    26
Dodge: Dodged            |    68 |    86 ||   154
       Rpst.: Falchion   |    22 |    26 ||    48

Table legend: (Time is in decaauts)
 A = Elapsed time spent in this place.
 B = Non-inter-level travel time spent in this place.
 C = Inter-level travel time spent in this place.
 D = Time resting spent in this place.
 E = Time spent auto-exploring this place.
 F = Levels seen in this place.
 G = Mean time per level.
                   A        B        C        D        E       F      G
               +--------+--------+--------+--------+--------+-----+--------+
         Total |   3757 |   3631 |    126 |    797 |   2192 |   3 | 1252.3 |
       Dungeon |   3757 |   3631 |    126 |    797 |   2192 |   3 | 1252.3 |
               +--------+--------+--------+--------+--------+-----+--------+

Top non-repeatable levels by time:
     D:3: 1493 daAuts
     D:1: 1351 daAuts
     D:2: 912 daAuts
